 Dungeon Crawl Stone Soup version 0.28-a0-529-g3bad584f25 (webtiles) character file.

Game seed: 14360704648353196092

189 lunkers the Chopper (level 5, 0/48 HPs)
             Began as a Minotaur Cinder Acolyte on Sept 24, 2021.
             Was a High Priest of Ignis.
             Slain by Grinder (6 damage)
             ... on level 3 of the Dungeon.
             The game lasted 00:03:12 (2649 turns).

lunkers the Chopper (Minotaur Cinder Acolyte)       Turns: 2649, Time: 00:03:12

Health: 0/48       AC:  6    Str: 18    XL:     5   Next: 40%
Magic:  1/5        EV: 10    Int: 11    God:    Ignis [*****.]
Gold:   139        SH:  0    Dex:  7    Spells: 4/6 levels left

rFire   + . .      SeeInvis .   a - -1 hand axe (flame)
rCold   . . .      Faith    .   (no shield)
rNeg    . . .      Spirit   .   f - +0 ring mail
rPois   .          Reflect  .   (helmet restricted)
rElec   .          Harm     .   (no cloak)
rCorr   .          Rampage  .   (no gloves)
Will    .....                   k - +0 pair of boots
Stlth   ..........              (no amulet)
HPRegen 0.16/turn               (no ring)
MPRegen 0.09/turn               (no ring)

@: no status effects
A: horns 2, retaliatory headbutt
a: Renounce Religion, Sea of Fire, Foxfire Swarm, Rising Flame


You were on level 3 of the Dungeon.
You worshipped Ignis.
Ignis was extremely pleased with you.
You visited 1 branch of the dungeon, and saw 3 of its levels.

You collected 139 gold pieces.

Inventory:

Hand Weapons
 a - a -1 hand axe of flaming (weapon)
Armour
 f - a +0 ring mail (worn)
 k - a +0 pair of boots (worn)
Scrolls
 b - a scroll of magic mapping {unknown}
 c - a scroll of torment {unknown}
 d - a scroll of amnesia
 g - a scroll of identify {unknown}
 h - 2 scrolls of enchant weapon {unknown}
Potions
 e - a potion of cancellation {unknown}
 i - a potion of berserk rage {unknown}
 j - a potion of attraction {unknown}


   Skills:
 + Level 5.1 Fighting
 * Level 6.4 Axes
 - Level 1.0 Spellcasting
 - Level 2.1 Fire Magic


You had 4 spell levels left.
You knew the following spells:

 Your Spells              Type           Power      Damage    Failure   Level
b - Scorch                Fire           10%        2d6       34%         2

Your spell library contained the following spells:

 Spells                   Type           Power      Damage    Failure   Level
 Blink                    Tloc           N/A        N/A       65%         2
 Ignite Poison            Fire/Tmut/Pois 2%         N/A       78%         3
 Mephitic Cloud           Conj/Pois/Air  0%         N/A       86%         3
 Freezing Cloud           Conj/Ice/Air   0%         6-21      100%        5
 Manifold Assault         Tloc           0%         N/A       100%        5
 Storm Form               Tmut/Air       0%         N/A       100%        7


Dungeon Overview and Level Annotations

Branches:
Dungeon (3/15)

Altars:

Annotations:
D:3 Grinder


Innate Abilities, Weirdness & Mutations

You have a pair of horns on your head.
You reflexively headbutt those who attack you in melee.


Message History

Grinder is lightly wounded.
Grinder's fire resistance burns away.
Unknown command.
Unknown command.
Casting: Scorch (dangerous; 34% risk of failure)
Confirm with . or Enter, or press ? or * to list all spells.
Flames lash Grinder.
Grinder is burned terribly!
Grinder is moderately wounded.
Grinder gestures at you.
You suddenly lose the ability to move!
Grinder barely misses you.
Grinder is no longer more vulnerable to fire.
Grinder hits you!
You writhe in agony.
Grinder hits you but does no damage. Grinder hits you.
You writhe in agony.
* * * LOW HITPOINT WARNING * * *
A frilled lizard comes into view.
The frilled lizard hisses angrily.
Grinder hits you!
* * * LOW HITPOINT WARNING * * *
You can move again.
Unknown command.
Unknown command.
You hit Grinder. You burn Grinder. Your headbutt misses Grinder.
Grinder is heavily wounded.
Grinder closely misses you.
Unknown command.
You hit Grinder. You burn Grinder. Your headbutt misses Grinder.
Grinder is heavily wounded.
Grinder hits you.
* * * LOW HITPOINT WARNING * * *
You writhe in agony.
* * * LOW HITPOINT WARNING * * *
Unknown command.
You closely miss Grinder.
Grinder is heavily wounded.
Grinder hits you!
* * * LOW HITPOINT WARNING * * *
You writhe in agony.
You die...

####..... ........#
......... ........#
#. ......###..5.
#...........# #l#
..# ...
############## #5#
####.# ..
.............# #@#
#..#.# ..
.............# #.#
#..#.# .
.............# #.#
#..#.#.#
..)..........# #.#
#..#.#.#
.............# #.#
#......# .#
.............#
#.####.##.####...
.............#
#......#.......###
.............#
#..#####[.(.......
.............###..#
#..........


You could see Grinder and a frilled lizard.

Vanquished Creatures
  A hound (D:3)
  A bullfrog skeleton (D:3)
  4 gnolls (D:3)
  3 adders
  A dart slug (D:1)
  5 orcs (D:2)
  6 endoplasms
  A giant cockroach (D:2)
  7 goblins (D:1)
  6 hobgoblins
  2 jackals (D:2)
  3 kobolds
  A quokka (D:2)
  3 ball pythons
  7 bats
  3 frilled lizards
  9 rats
63 creatures vanquished.

Vanquished Creatures (others)
  3 plants (D:2)
3 creatures vanquished.

Grand Total: 66 creatures vanquished

Notes
Turn   | Place    | Note
-------+----------+-------------------------------------------
     0 | D:1      | lunkers the Minotaur Cinder Acolyte began the quest for the
                  | Orb.
     0 | D:1      | Reached XP level 1. HP: 19/19 MP: 1/1
    65 | D:1      | Reached skill level 4 in Axes
   290 | D:1      | Reached XP level 2. HP: 22/27 MP: 2/2
   402 | D:1      | Learned a level 2 spell: Scorch
   402 | D:1      | Upgraded the game from 0.28-a0-519-gbfeecf2fc5 to
                  | 0.28-a0-529-g3bad584f25
   518 | D:1      | Reached XP level 3. HP: 8/33 MP: 3/3
  1274 | D:2      | Reached skill level 5 in Axes
  1546 | D:2      | Reached XP level 4. HP: 39/41 MP: 4/4
  2094 | D:3      | Reached skill level 6 in Axes
  2094 | D:3      | Reached XP level 5. HP: 44/47 MP: 5/5
  2282 | D:3      | Reached skill level 5 in Fighting
  2632 | D:3      | Noticed Grinder
  2640 | D:3      | Paralysed by Grinder for 7 turns
  2649 | D:3      | Slain by Grinder

Illustrated notes

Levels and vault maps discovered:
D:1:      noname_arrival_rooms_in_the_neighbourhood, layout_rooms,
          serial_curves, eino_curves_03, eino_curves_03, minmay_tetromino_i4
D:2:      layout_rooms, chequers_big_river
D:3:      layout_basic, uniq_grinder

Skill      XL: |  1  2  3  4  5 |
---------------+----------------+-----
Axes           | 4 5 6 |  6.4
Fighting       | 4 5 |  5.1
Spellcasting   | |  1.0
Fire Magic     | |  2.1

Action                   |  1- 3 |  4- 6 || total
-------------------------+-------+-------++-------
Melee: Hand axe          |    93 |    56 ||   149
       Headbutt          |    10 |     9 ||    19
 Cast: Scorch            |       |     2 ||     2
  Use: Scroll            |       |     1 ||     1
Armor: Robe              |    13 |       ||    13
       Ring mail         |     3 |    22 ||    25
Dodge: Dodged            |    47 |    30 ||    77

Table legend: (Time is in decaauts)
 A = Elapsed time spent in this place.
 B = Non-inter-level travel time spent in this place.
 C = Inter-level travel time spent in this place.
 D = Time resting spent in this place.
 E = Time spent auto-exploring this place.
 F = Levels seen in this place.
 G = Mean time per level.
                   A        B        C        D        E       F      G
               +--------+--------+--------+--------+--------+-----+--------+
         Total |   2666 |   2593 |     73 |      0 |   2227 |   3 |  888.7 |
       Dungeon |   2666 |   2593 |     73 |      0 |   2227 |   3 |  888.7 |
               +--------+--------+--------+--------+--------+-----+--------+

Top non-repeatable levels by time:
     D:1: 1220 daAuts
     D:2: 787 daAuts
     D:3: 658 daAuts
